 Dungeon Crawl Stone Soup version 0.16-a0-129-gbf5829b (webtiles) character file.

357 Rationalist the Bolt Thrower (level 6, -1/48 HPs)
             Began as a Centaur Hunter on Aug 13, 2014.
             Slain by an orc priest
             ... wielding a +0 short sword
              (3 damage)
             ... on Level 4 of the Dungeon.
             The game lasted 00:10:35 (3685 turns).

Rationalist the Bolt Thrower (Centaur Hunter)       Turns: 3685, Time: 00:10:35

HP  -1/48        AC 11     Str 19      XL: 6   Next: 36%
MP   5/5         EV  4     Int 10      God:
Gold 125         SH  8     Dex 12      Spells:  0 memorised,  5 levels left

rFire  . . .     SeeInvis .     D - +2 hand axe (chop)
rCold  + . .     Clarity  .     E - +2 scale mail {rC+}
rNeg   . . .     rCorr    +     q - +0 shield
rPois  .         rRot     .     (no helmet)
rElec  .         Spirit   .     h - +0 cloak
SustAb .         Warding  .     A - +0 pair of gloves
rMut   .         Stasis   .     (no barding)
Gourm  .                        j - amulet of resist corrosion
MR     .....                    d - ring of stealth
                                w - +1 ring of protection

@: mighty, hasted, very quick, not resistant to hostile enchantments, extremely
unstealthy
A: hooves 3, deformed body, speed 2, tough skin 3
a: no special abilities


You were on level 4 of the Dungeon.
You were not hungry.

You visited 1 branch of the dungeon, and saw 4 of its levels.

You collected 125 gold pieces.

Inventory:

Hand weapons
 b - a +1 hand crossbow
 y - a +0 dagger of venom
 D - a +2 hand axe of chopping (weapon)
Missiles
 c - 45 bolts
 i - 17 poisoned needles
 s - 6 curare-tipped needles
 v - 10 needles of confusion
Armour
 h - a +0 cloak (worn)
 q - a +0 shield (worn)
 A - a +0 pair of gloves (worn)
 E - a +2 scale mail of cold resistance (worn)
Magical devices
 a - a wand of lightning (3) {unknown}
Comestibles
 f - 3 bread rations
 B - 3 meat rations
Scrolls
 g - a scroll of immolation {unknown}
 l - a scroll of random uselessness {unknown}
 m - a scroll of noise {unknown}
 n - 2 scrolls of remove curse
 o - a scroll of teleportation
 t - a scroll of amnesia {unknown}
 F - a scroll of blinking {unknown}
Jewellery
 d - a ring of stealth (right hand)
 j - an amulet of resist corrosion (around neck)
 w - a +1 ring of protection (left hand)
 x - an uncursed ring of teleportation
Potions
 e - 2 potions of might
 r - a potion of agility {unknown}
 u - a potion of brilliance {unknown}
 z - a potion of flight {unknown}
 C - a potion of poison {unknown}


   Skills:
 + Level 1.9 Fighting
 + Level 0.1 Short Blades
 + Level 0.1 Axes
 + Level 5.6 Crossbows
 + Level 1.9 Armour
 + Level 3.0 Dodging
 + Level 0.8 Stealth
 + Level 1.3 Shields


You had 5 spell levels left.
You didn't know any spells.

Dungeon Overview and Level Annotations

Branches:
Dungeon (4/15)
 Temple: D:4-7

Altars:
Ashenzari
Makhleb
Sif Muna
Yredelemnul
The Shining One

Shops:
D:4 (


Innate Abilities, Weirdness & Mutations

You have hooves in place of feet.
Armour fits poorly on your strangely shaped body.
You cover ground very quickly.
You have extremely tough skin (AC +3).


Message History

* * * LOW HITPOINT WARNING * * *
The orc priest barely misses you.
The orc wizard hits you but does no damage.
Your shield and scale mail prevent you from hitting the orc wizard.
The orc wizard is heavily wounded.
The orc wizard hits you but does no damage.
The orc priest calls down the wrath of Beogh upon you.
Something smites you!
* * * LOW HITPOINT WARNING * * *
The orc wizard barely misses you.
Drink which item? (? for menu, Esc to quit)
Magic courses through your body.
It was a potion of magic.
The orc wizard hits you but does no damage.
The orc priest barely misses you.
Drink which item? (? for menu, Esc to quit)
You feel yourself speed up.
It was a potion of haste.
The orc wizard casts a spell.
The orc wizard blinks!
The orc priest hits you with a short sword.
You die...

######## # #......#
.... #....o.# .....
#......# ......
#......######.......
#'#...............
#%#...............
#@§...............
#o#......)........
#.................
##########......#+
#......# ##
#....o.#§ ##..
+......'.
#.....+#......##
..P.P.....##+##.


You could see an orc priest and an orc wizard.

Vanquished Creatures
  An ogre (D:4)
  A jelly (D:1)
  An iguana (D:4)
  A worker ant (D:4)
  Jessica (D:3)
  Terence (D:3)
  5 adders
  3 worms
  6 oozes
  7 orcs
  8 bats
  4 goblins
  4 hobgoblins
  6 jackals
  A ball python (D:2)
  7 giant cockroaches
  A giant gecko (D:3)
  3 giant newts
  7 kobolds
  A quokka (D:3)
  14 rats
83 creatures vanquished.

Notes
Turn   | Place    | Note
--------------------------------------------------------------
     0 | D:1      | Rationalist, the Centaur Hunter, began the quest for the Orb.
     0 | D:1      | Reached XP level 1. HP: 16/16 MP: 1/1
     9 | D:1      | Noticed a jelly
   357 | D:1      | Reached XP level 2. HP: 15/23 MP: 2/2
   816 | D:1      | Reached skill level 5 in Crossbows
  1041 | D:2      | Found a deep blue altar of Sif Muna.
  1318 | D:2      | Reached XP level 3. HP: 20/28 MP: 3/3
  1510 | D:2      | Found a glowing golden altar of the Shining One.
  1510 | D:2      | Found a burning altar of Makhleb.
  2045 | D:1      | Reached skill level 1 in Armour
  2239 | D:1      | Killed a jelly
  2239 | D:1      | Reached XP level 4. HP: 28/35 MP: 3/3
  2524 | D:3      | Noticed Jessica
  2560 | D:3      | Killed Jessica
  2560 | D:3      | Reached XP level 5. HP: 26/40 MP: 4/4
  2696 | D:3      | Found a shattered altar of Ashenzari.
  2697 | D:3      | Noticed Terence
  2743 | D:3      | Killed Terence
  2988 | D:3      | Reached skill level 1 in Shields
  3309 | D:4      | Noticed an ogre
  3317 | D:4      | Killed an ogre
  3317 | D:4      | Reached XP level 6. HP: 46/48 MP: 5/5
  3439 | D:4      | Found Ifarchof's Weapon Boutique.
  3642 | D:4      | Found a basalt altar of Yredelemnul.
  3683 | D:4      | HP: 1/48 [orc priest/divine providence (7)]
  3685 | D:4      | Slain by an orc priest

Action                   |  1- 3 |  4- 6 || total
-------------------------+-------+-------++-------
Melee: Short sword       |   145 |     2 ||   147
       Dagger            |       |    34 ||    34
       Hand axe          |       |    80 ||    80
 Fire: Hand crossbow     |    23 |    13 ||    36
  Use: Scroll            |       |     2 ||     2
       Potion            |       |     3 ||     3
  Eat: Chunk             |     3 |     4 ||     7
